 Dungeon Crawl Stone Soup version 0.32-a0-685-g93135e86f0 (webtiles) character file.

Game seed: 6220269037130653384

174 porpoise the Shooter (level 5, 0/46 HPs)
             Began as a Minotaur Hunter on Mar 13, 2024.
             Incinerated by a bombardier beetle (5 damage)
             ... with a burning spray
             ... on level 3 of the Dungeon.
             The game lasted 00:03:33 (1760 turns).

porpoise the Shooter (Minotaur Hunter)              Turns: 1760, Time: 00:03:34

Health: 0/46       AC:  8    Str: 16    XL:     5   Next: 28%
Magic:  4/4        EV: 11    Int:  6    God:
Gold:   73         SH:  0    Dex: 15    Spells: 4/4 levels left

rFire   . . .        a - +0 shortbow
rCold   . . .        (shield currently unavailable)
rNeg    . . .        n - +0 ring mail
rPois   .            (helmet restricted)
rElec   .            (no cloak)
rCorr   .            l - +2 pair of gloves
SInv    .            (no boots)
Will    .....        (no amulet)
Stlth   +            (no ring)
HPRegen 0.27/turn    (no ring)
MPRegen 0.09/turn

%: no passive effects
@: on fire, glowing
A: horns 2, retaliatory headbutt
a: no special abilities


You were on level 3 of the Dungeon.
You visited 1 branch of the dungeon, and saw 3 of its levels.

You collected 73 gold pieces.

Inventory:

Hand Weapons
 a - a +0 shortbow (weapon)
 b - a +0 dagger of venom
Missiles
 j - 3 silver javelins
Armour
 l - a +2 pair of gloves (worn)
 n - a +0 ring mail (worn)
Scrolls
 d - a scroll of identify {unknown}
 f - a scroll of enchant weapon {unknown}
 g - 2 scrolls of fog
 h - a scroll of teleportation {unknown}
 i - a scroll of poison {unknown}
 k - a scroll of amnesia {unknown}
 m - a scroll of butterflies
Potions
 e - 2 potions of heal wounds {unknown}


   Skills:
 + Level 3.9 Fighting
 * Level 6.0 Ranged Weapons
 + Level 2.8 Armour
 - Level 2.1 Dodging
 - Level 0.7 Stealth


You had 4 spell levels left.
You didn't know any spells.
Your spell library was empty.

Dungeon Overview and Level Annotations

Branches:
Dungeon (3/15)

Altars:


Innate Abilities, Weirdness & Mutations

You have a pair of horns on your head.
You reflexively headbutt those who attack you in melee.


Message History

You shoot an arrow.
The arrow closely misses the bombardier beetle.
The liquid fire burns you!
The bombardier beetle sprays incendiary fluid at you.
The burning spray hits you.
You are even more covered in liquid fire!
You shoot an arrow.
The arrow hits the bombardier beetle but does no damage.
The bombardier beetle is severely wounded.
The liquid fire burns you!
You shoot an arrow. The arrow hits the bombardier beetle.
The bombardier beetle is almost dead.
The liquid fire burns you!
You shoot an arrow.
The arrow hits the bombardier beetle but does no damage.
The bombardier beetle is almost dead.
The liquid fire burns you!
You are too injured to fight recklessly!
You are too injured to fight recklessly!
You are too injured to fight recklessly!
You shoot an arrow.
The arrow hits the bombardier beetle but does no damage.
The bombardier beetle is almost dead.
The liquid fire burns you!
* * * LOW HITPOINT WARNING * * *
The bombardier beetle sprays incendiary fluid at you.
The burning spray hits you.
You are even more covered in liquid fire!
You shoot an arrow. The arrow hits the bombardier beetle.
You kill the bombardier beetle!
The liquid fire burns you!
* * * LOW HITPOINT WARNING * * *
Your Ranged Weapons skill increases to level 6!
You have reached level 5!
You shake off some of the fire as you move.
The liquid fire burns you!
* * * LOW HITPOINT WARNING * * *
You shake off some of the fire as you move.
The liquid fire burns you!
You die...

#.#......
#...... #
#...†.
#?##...#
#......#
#†.# #####
#.†##......
#.......#
##@##...#
#.# ###
#.######
#......#
######.#
##.## #.[.#
#...# #...#


There were no monsters in sight!

Vanquished Creatures
  A bombardier beetle (D:3)
  An orc priest (D:3)
  An orc wizard (D:3)
  4 adders
  A dart slug (D:1)
  An orc (D:3)
  5 ball pythons
  7 endoplasms
  3 goblins (D:1)
  4 hobgoblins (D:1)
  5 kobolds
  2 quokkas
  3 bats
  3 frilled lizards
  A rat (D:1)
42 creatures vanquished.

Notes
Turn   | Place    | Note
-------+----------+-------------------------------------------
     0 | D:1      | porpoise the Minotaur Hunter began the quest for the Orb.
     0 | D:1      | Reached XP level 1. HP: 18/18 MP: 0/0
   114 | D:1      | Found a faded altar of an unknown god.
   212 | D:1      | Reached XP level 2. HP: 25/25 MP: 1/1
   229 | D:1      | Reached skill level 1 in Armour
   657 | D:2      | Reached skill level 5 in Ranged Weapons
   657 | D:2      | Reached XP level 3. HP: 28/31 MP: 2/2
  1560 | D:3      | Reached XP level 4. HP: 35/38 MP: 3/3
  1759 | D:3      | Reached skill level 6 in Ranged Weapons
  1759 | D:3      | Reached XP level 5. HP: 8/46 MP: 4/4
  1760 | D:3      | Incinerated by a bombardier beetle

Illustrated notes

Levels and vault maps discovered:
D:1:      minmay_arrival_glassed_features, layout_basic,
          dreamdust_ecumenical_altar_hidden_monk_grotto
D:2:      layout_basic
D:3:      kennysheep_goblin_castle, layout_loops_cross, old_standard_altar,
          serial_glass, glass_columns_b, glass_columns_b, glass_columns_c,
          glass_columns_c, glass_columns_a, glass_columns_b

Skill      XL: |  1  2  3  4 |
---------------+-------------+-----
Armour         | 1 2 |  2.8
Fighting       | 3 |  3.9
Ranged Weapons | 5 6 |  6.0
Dodging        | |  2.1
Stealth        | |  0.7

Action                     |  1- 3 |  4- 6 || total
---------------------------+-------+-------++-------
  Melee: Dagger            |       |    11 ||    11
         Headbutt          |       |     1 ||     1
   Fire: Shortbow          |    81 |    29 ||   110
    Use: Scroll            |     1 |       ||     1
 Armour: Leather armour    |    11 |     9 ||    20
  Dodge: Dodged            |    17 |    10 ||    27

Table legend: (Time is in decaauts)
 A = Elapsed time spent in this place.
 B = Non-inter-level travel time spent in this place.
 C = Inter-level travel time spent in this place.
 D = Time resting spent in this place.
 E = Time spent auto-exploring this place.
 F = Levels seen in this place.
 G = Mean time per level.
                   A        B        C        D        E       F      G
               +--------+--------+--------+--------+--------+-----+--------+
         Total |   1778 |   1741 |     37 |     93 |   1390 |   3 |  592.7 |
       Dungeon |   1778 |   1741 |     37 |     93 |   1390 |   3 |  592.7 |
               +--------+--------+--------+--------+--------+-----+--------+

Top non-repeatable levels by time:
     D:2: 910 daAuts
     D:1: 657 daAuts
     D:3: 210 daAuts
